[Event "Titled Tuesday Blitz January 03 Early 2023"]
[White "Liu, Kelsey"]
[Black "Shubenkova, Veronika"]
[WhiteFideId "30944481"]
[BlackFideId "44124040"]
[WhiteElo "2065"]
[BlackElo "1960"]
[Result "0-1"]
[Round "04"]
[TimeControl "180+2"]
[Date "2023.01.03"]
[WhiteClock "0:00:05"]
[BlackClock "0:00:43"]

1. e4 c6 2. d4 d5 3. Nc3 dxe4 4. Nxe4 Bf5 5. Ng3 Bg6 6. h4 h6 7. Nf3 Nd7 8. h5 Bh7 9. Bd3 Bxd3 10. Qxd3 Ngf6 11. Bd2 e6 12. O-O-O Be7 13. Qe2 Qc7 14. Rhe1 O-O-O 15. Kb1 c5 16. Nf5 Bf8 17. Ne5 Nxe5 18. dxe5 Nd5 19. Ng3 Be7 20. f4 c4 21. Ne4 Kb8 22. Nc3 Rd7 23. Nxd5 Rxd5 24. Bc3 Rhd8 25. Rxd5 Rxd5 26. Qg4 Qd7 27. Kc1 Bc5 28. a3 a6 29. Kb1 Bf8 30. Kc1 Ka7 31. f5 exf5 32. Qxc4 Be7 33. Qb3 Ka8 34. Kb1 Bh4 35. Rf1 Bg3 36. Ka2 Bxe5 37. Rxf5 Qxf5 38. Qxd5 f6 39. Qd8+ Bb8 40. Qe7 Qd5+ 41. b3 Qxg2 42. Qf7 Qxc2+ 43. Bb2 Qg2 44. Qe8 Qg4 45. a4 f5 46. Ka3 Qg3 47. Qf8 Qd6+ 48. Qxd6 Bxd6+ 49. Ka2 Bf8 50. Kb1 Kb8 51. Kc2 Kc7 52. Kd3 Kd6 53. Ke3 Ke6 54. Kf4 Bd6+ 55. Kf3 Be5 56. Ba3 Kf6 57. Bf8 Kg5 0-1


[Site "https://www.chess.com"]

[Event "Titled Tuesday Blitz January 03 Early 2023"]
[White "Szyszylo, Rafal"]
[Black "De Souza, Cristiano Gomes"]
[WhiteFideId "1109626"]
[BlackFideId "2151758"]
[WhiteElo "2091"]
[BlackElo "2018"]
[Result "1-0"]
[Round "04"]
[TimeControl "180+2"]
[Date "2023.01.03"]
[WhiteClock "0:00:14"]
[BlackClock "0:00:43"]

1. e4 c5 2. Nf3 d6 3. d4 cxd4 4. Nxd4 Nf6 5. Nc3 a6 6. Bc4 e6 7. Bb3 Be7 8. O-O O-O 9. f3 Nbd7 10. a3 Nc5 11. Ba2 Bd7 12. Be3 b5 13. Qe1 Rc8 14. Qg3 Kh8 15. Rad1 Qc7 16. Rd2 Rfd8 17. Rfd1 Bf8 18. Kh1 Qb7 19. Bg5 b4 20. axb4 Qxb4 21. Nb3 a5 22. Rd4 Qb6 23. e5 dxe5 24. Qxe5 Be7 25. Be3 Nxb3 26. Bxb3 Qb7 27. Na4 Bxa4 28. Rxd8+ Rxd8 29. Rxd8+ Bxd8 30. Bxa4 Qb4 31. Qd4 Qb3 32. Bxb3 1-0


[Site "https://www.chess.com"]

[Event "Titled Tuesday Blitz January 03 Early 2023"]
[White "Thiel, Thomas"]
[Black "Melikhov, Evgeny V."]
[WhiteFideId "4615964"]
[BlackFideId "4122046"]
[WhiteElo "2234"]
[BlackElo "2269"]
[Result "1-0"]
[Round "04"]
[TimeControl "180+2"]
[Date "2023.01.03"]
[WhiteClock "0:00:55"]
[BlackClock "0:00:20"]

1. e4 c5 2. Nc3 Nc6 3. Bb5 Nd4 4. Bc4 e6 5. Nge2 Nc6 6. O-O g6 7. d4 cxd4 8. Nxd4 Bg7 9. Ndb5 Nge7 10. Bf4 O-O 11. Bc7 Qe8 12. Nd6 Ne5 13. Bb3 N7c6 14. Nxe8 Rxe8 15. Nb5 a6 16. Nd6 Rf8 17. c3 Ne7 18. f4 N5c6 19. e5 b5 20. Bc2 Nd5 21. Nxc8 Ne3 22. Qd2 Nxf1 23. Rxf1 Rfxc8 24. Qxd7 Ne7 25. Qxe7 Ra7 26. Qd6 Bf8 27. Qb6 Rcxc7 28. Qb8 Kg7 29. Rd1 Bc5+ 30. Kf1 Be3 31. g3 Rab7 32. Qd8 Bb6 33. Qd6 a5 34. Be4 1-0


[Site "https://www.chess.com"]

[Event "Titled Tuesday Blitz January 03 Early 2023"]
[White "Wilson, Elvin"]
[Black "Lauridsen, Jesper Morch"]
[WhiteFideId "2014874"]
[BlackFideId "1401890"]
[WhiteElo "2183"]
[BlackElo "2309"]
[Result "0-1"]
[Round "04"]
[TimeControl "180+2"]
[Date "2023.01.03"]
[WhiteClock "0:00:27"]
[BlackClock "0:00:39"]

1. c4 g6 2. g3 Bg7 3. Bg2 c5 4. Nc3 d6 5. e4 Nc6 6. Nge2 e6 7. d3 Nge7 8. Be3 Nd4 9. O-O Nxe2+ 10. Qxe2 Nc6 11. Rab1 a6 12. Qd2 O-O 13. Bh6 Bxh6 14. Qxh6 Nd4 15. b4 cxb4 16. Rxb4 Qf6 17. Rb6 Nc6 18. Ne2 Rb8 19. Rfb1 Ne5 20. Rxd6 Qxf2+ 21. Kxf2 Ng4+ 22. Kf3 Nxh6 23. h3 f5 24. Ke3 fxe4 25. dxe4 Nf7 26. Rdb6 Ne5 27. R1b4 Bd7 28. Nd4 Bc6 29. c5 Rbd8 30. Bf1 Rxf1 31. Ne2 Rf3# 0-1


[Site "https://www.chess.com"]

[Event "Titled Tuesday Blitz January 03 Early 2023"]
[White "Nathan, Nitish"]
[Black "Larina, Maria"]
[WhiteFideId "30927870"]
[BlackFideId "24113182"]
[WhiteElo "2071"]
[BlackElo "1948"]
[Result "1-0"]
[Round "04"]
[TimeControl "180+2"]
[Date "2023.01.03"]
[WhiteClock "0:00:57"]
[BlackClock "0:00:07"]

1. d4 f5 2. Bf4 Nf6 3. e3 d6 4. Nf3 g6 5. Bc4 e6 6. O-O Bg7 7. Bb3 O-O 8. c4 h6 9. h3 g5 10. Bh2 a5 11. Nc3 c6 12. c5 d5 13. Ne5 Qe8 14. Na4 Nbd7 15. Nxd7 Nxd7 16. Bd6 Rf7 17. Nc3 b6 18. cxb6 Nxb6 19. Bh2 Ba6 20. Re1 Bc4 21. Bc2 Qc8 22. f3 c5 23. Kh1 Ba6 24. Bg1 c4 25. e4 fxe4 26. fxe4 Qd7 27. e5 Nc8 28. g4 Ne7 29. Qe2 Raf8 30. Rf1 Qe8 31. Rae1 Rxf1 32. Rxf1 Rxf1 33. Qxf1 Qf7 34. Qe2 Qf4 35. Kg2 Bc8 36. Be3 Qf7 37. Bb1 Bd7 38. Qc2 Bf8 39. Ne2 Be8 40. Ng3 Ng6 41. Nh5 Nh4+ 42. Kg1 Nf3+ 43. Kh1 Nh4 44. Nf6+ Kh8 45. Bf2 Bb5 46. Bxh4 gxh4 47. Qf2 Be7 48. Qxh4 Qg7 49. Qh5 Bxf6 50. exf6 Qxf6 51. Kg2 Qg5 52. Qxg5 hxg5 53. Kg3 Kg7 54. h4 gxh4+ 55. Kxh4 Be8 56. Kg5 a4 57. Kf4 Kf6 58. g5+ Kg7 59. Ke5 Bf7 60. a3 Kf8 61. Bc2 Ke7 62. Bxa4 Bg8 63. Bc2 Kd8 64. Kd6 Kc8 65. Bd1 Kd8 66. Bg4 Ke8 67. Bxe6 Bh7 68. Bxd5 1-0


[Site "https://www.chess.com"]

[Event "Titled Tuesday Blitz January 03 Early 2023"]
[White "Jiganchine, Roman"]
[Black "Fajdetic, Hrvoje"]
[WhiteFideId "2603667"]
[BlackFideId "14501945"]
[WhiteElo "2205"]
[BlackElo "2151"]
[Result "1-0"]
[Round "04"]
[TimeControl "180+2"]
[Date "2023.01.03"]
[WhiteClock "0:00:06"]
[BlackClock "0:00:03"]

1. e4 e6 2. d4 d5 3. Nd2 dxe4 4. Nxe4 Nd7 5. Nf3 Ngf6 6. Ng3 Bd6 7. Bd3 b6 8. O-O Bb7 9. Qe2 O-O 10. b3 c5 11. Bb2 Qc7 12. Rad1 a5 13. Rfe1 a4 14. Ne5 axb3 15. axb3 Ra2 16. Bc3 cxd4 17. Bxd4 Nxe5 18. Bxe5 Bxe5 19. Qxe5 Qxe5 20. Rxe5 Nd5 21. Ree1 Nb4 22. Ra1 Nxd3 23. cxd3 Rfa8 24. Rac1 Bd5 25. b4 g6 26. h4 Rb2 27. h5 Rxb4 28. Rc7 Rd4 29. Rec1 Kg7 30. h6+ Kf6 31. Nf1 Rh4 32. Ne3 Rd4 33. f3 e5 34. Ng4+ Kg5 35. Nxe5 Kxh6 36. Nxf7+ Bxf7 37. Rxf7 Rxd3 38. Rcc7 Rh8 39. Rf4 Rb3 40. Rh4+ Kg5 41. Rhxh7 Rxh7 42. Rxh7 Kf4 43. Rh4+ Kg5 44. Rg4+ Kf6 45. Kh2 b5 46. Kg3 b4 47. Rf4+ Kg5 48. Rg4+ Kf6 49. Rf4+ Kg7 50. Rc4 Rb2 51. Rc7+ Kf6 52. Rc6+ Kg5 53. Rc5+ Kh6 54. Rb5 g5 55. Rb6+ Kh5 56. Kh3 g4+ 57. fxg4+ Kg5 58. Rb5+ Kg6 59. Kg3 Rb3+ 60. Kh4 Rb2 61. Rb6+ Kg7 62. g3 b3 63. Kg5 Rb1 64. Rb7+ Kf8 65. Kg6 b2 66. g5 Rg1 67. Rxb2 Rxg3 68. Rb8+ Ke7 69. Rb7+ Kf8 70. Kf6 Rf3+ 71. Kg6 Rc3 72. Rb8+ Ke7 73. Kg7 Rh3 74. g6 Rh2 75. Rb7+ Ke8 76. Rb1 Ke7 77. Re1+ Kd8 78. Kf7 Rf2+ 79. Kg8 Rg2 80. g7 Kd7 81. Re4 Rh2 82. Kf7 Rf2+ 83. Kg6 Rg2+ 84. Kf6 Rf2+ 85. Kg5 Rg2+ 86. Rg4 Rxg4+ 87. Kxg4 1-0


[Site "https://www.chess.com"]

[Event "Titled Tuesday Blitz January 03 Early 2023"]
[White "Kovacsy, Barnabas"]
[Black "Butolo, Alexandru-Mircea"]
[WhiteFideId "769290"]
[BlackFideId "1261649"]
[WhiteElo "2245"]
[BlackElo "2033"]
[Result "1-0"]
[Round "04"]
[TimeControl "180+2"]
[Date "2023.01.03"]
[WhiteClock "0:00:33"]
[BlackClock "0:00:01"]

1. e4 c5 2. Nf3 Nc6 3. d4 cxd4 4. Nxd4 Nf6 5. Nc3 e6 6. Ndb5 Bc5 7. Bf4 O-O 8. Bc7 Qe7 9. Bd6 Bxd6 10. Nxd6 Ne8 11. Ncb5 Nxd6 12. Qxd6 Qd8 13. Nc7 Rb8 14. Rd1 Qf6 15. c3 Ne5 16. Be2 b5 17. Ne8 Rxe8 18. Qxb8 Qg6 19. O-O Nc6 20. Qf4 Bb7 21. Rxd7 e5 22. Qf5 Qxf5 23. exf5 Ba8 24. Bxb5 1-0


[Site "https://www.chess.com"]

[Event "Titled Tuesday Blitz January 03 Early 2023"]
[White "Schut, Han"]
[Black "Murzin, Volodar"]
[WhiteFideId "1005561"]
[BlackFideId "44155573"]
[WhiteElo "2101"]
[BlackElo "2604"]
[Result "0-1"]
[Round "04"]
[TimeControl "180+2"]
[Date "2023.01.03"]
[WhiteClock "0:00:07"]
[BlackClock "0:01:36"]

1. e4 c6 2. d4 d5 3. e5 Bf5 4. Nf3 e6 5. Be2 Ne7 6. O-O h6 7. c3 Nd7 8. Nbd2 a6 9. Re1 Rc8 10. Nf1 Bh7 11. Ng3 c5 12. Be3 Nc6 13. a3 Be7 14. b4 cxd4 15. cxd4 O-O 16. Qd2 Nb6 17. Rec1 Re8 18. Nh5 Bg6 19. Nf4 Be4 20. Nh5 Bf8 21. Bxh6 gxh6 22. Nf6+ Kh8 23. Ng5 Bg6 24. Bd3 Qe7 25. Bxg6 fxg6 26. Nh3 Qf7 27. Rc3 Nc4 28. Qe2 Nxd4 29. Qg4 Nf5 30. Rf3 Nxe5 31. Qh4 Nxf3+ 0-1


[Site "https://www.chess.com"]

[Event "Titled Tuesday Blitz January 03 Early 2023"]
[White "Brown, Andrew"]
[Black "Piesik, Piotr"]
[WhiteFideId "3206513"]
[BlackFideId "1136194"]
[WhiteElo "2279"]
[BlackElo "2426"]
[Result "0-1"]
[Round "04"]
[TimeControl "180+2"]
[Date "2023.01.03"]
[WhiteClock "0:00:01"]
[BlackClock "0:00:48"]

1. d4 c5 2. d5 e5 3. Nc3 d6 4. e4 Be7 5. Nf3 a6 6. a4 Bg4 7. g3 Nd7 8. h3 Bxf3 9. Qxf3 Bg5 10. Qg4 Bxc1 11. Rxc1 Qf6 12. f4 h5 13. Qf3 h4 14. f5 hxg3 15. Qxg3 Qh6 16. Rd1 Ngf6 17. Be2 Ke7 18. Kf2 Qh4 19. Bf3 b5 20. axb5 axb5 21. Qxh4 Rxh4 22. Kg3 Rf4 23. Nxb5 Nxe4+ 24. Bxe4 Rxe4 25. Nc3 Rf4 26. Rhf1 Rb4 27. b3 c4 28. Ra1 Rxa1 29. Rxa1 cxb3 30. Rc1 Nf6 31. cxb3 Rxb3 32. Kg2 Rb2+ 33. Kf3 Rb4 34. Ne2 Nxd5 35. Rd1 Rb3+ 36. Kf2 Nc3 37. Rd3 Ne4+ 38. Ke3 Rxd3+ 39. Kxd3 Nf2+ 40. Ke3 Nxh3 41. Ke4 Nf2+ 0-1


[Site "https://www.chess.com"]

[Event "Titled Tuesday Blitz January 03 Early 2023"]
[White "Bobomurodova, Maftuna"]
[Black "Chor, Kevin"]
[WhiteFideId "14207400"]
[BlackFideId "2090740"]
[WhiteElo "1946"]
[BlackElo "1944"]
[Result "0-1"]
[Round "04"]
[TimeControl "180+2"]
[Date "2023.01.03"]
[WhiteClock "0:00:23"]
[BlackClock "0:00:20"]

1. e4 c5 2. Nf3 g6 3. d4 cxd4 4. Nxd4 Bg7 5. c4 Nc6 6. Be3 Nf6 7. Nc3 O-O 8. Nc2 d6 9. Be2 Bd7 10. O-O a6 11. f3 Rc8 12. Rc1 Na5 13. b3 b5 14. Nd5 Nxd5 15. cxd5 Rc3 16. Bd2 Qb6+ 17. Kh1 b4 18. Bxc3 bxc3 19. Bd3 Rc8 20. Qe2 Ra8 21. Ne3 Bh6 22. f4 Bg7 23. Nd1 Qb4 24. e5 Nb7 25. Nxc3 Nc5 26. Bc4 a5 27. Ne4 Nxe4 28. Qxe4 Bf5 29. Qe3 a4 30. exd6 exd6 31. Bd3 axb3 32. Bxf5 bxa2 33. Bd7 a1=Q 34. Rxa1 Bxa1 35. h3 Bd4 36. Qe4 Qb2 37. Bc6 Ra1 38. Qe8+ Kg7 39. Bb5 Rxf1+ 40. Bxf1 Qf2 0-1


[Site "https://www.chess.com"]

[Event "Titled Tuesday Blitz January 03 Early 2023"]
[White "Saravana, Krishnan P."]
[Black "De Arruda, Leandro Formes"]
[WhiteFideId "5018382"]
[BlackFideId "22722009"]
[WhiteElo "2284"]
[BlackElo "1980"]
[Result "1-0"]
[Round "04"]
[TimeControl "180+2"]
[Date "2023.01.03"]
[WhiteClock "0:01:05"]
[BlackClock "0:00:02"]

1. Nf3 e6 2. g3 d5 3. Bg2 Nf6 4. d3 Be7 5. O-O O-O 6. Nbd2 b6 7. e4 Bb7 8. e5 Nfd7 9. Re1 c5 10. Nf1 Nc6 11. h4 Rc8 12. Bf4 c4 13. d4 Na5 14. N1h2 b5 15. Ng5 b4 16. Qh5 h6 17. Ng4 hxg5 18. hxg5 Re8 19. Bf3 Nf8 20. Kg2 Ng6 21. Rh1 Bc5 22. dxc5 Rxc5 23. Nf6+ Kf8 24. c3 bxc3 25. bxc3 Ke7 26. Nxe8 Qxe8 27. Rab1 Rc8 28. Rb4 Bc6 29. Be3 d4 30. Bxd4 Bxf3+ 31. Qxf3 Nc6 32. Rb7+ Kf8 33. Bc5+ Nce7 34. Bxe7+ Nxe7 35. Rh8+ 1-0


[Site "https://www.chess.com"]

[Event "Titled Tuesday Blitz January 03 Early 2023"]
[White "monkins"]
[Black "Garv Gaur"]
[BlackFideId "45030839"]
[WhiteElo "2242"]
[BlackElo "2006"]
[Result "0-1"]
[Round "04"]
[TimeControl "180+2"]
[Date "2023.01.03"]
[WhiteClock "0:00:02"]
[BlackClock "0:00:33"]

1. Nf3 Nf6 2. c4 e6 3. g3 d5 4. Bg2 b6 5. O-O Bb7 6. d3 Nbd7 7. Nbd2 Be7 8. Rb1 O-O 9. b4 c5 10. b5 d4 11. a4 e5 12. a5 bxa5 13. Ra1 e4 14. Ng5 Qc7 15. Ngxe4 a6 16. Nxf6+ Nxf6 17. Qa4 Bxg2 18. Kxg2 axb5 19. Qxb5 Rfb8 20. Qa4 Rb4 21. Qa2 Rb7 22. Ba3 a4 23. Rfb1 Qc6+ 24. Kg1 Rb4 25. Rb2 Rxb2 26. Qxb2 Bd6 27. Qb5 Qc7 28. Bc1 Ra5 29. Qb2 h5 30. Nf3 Ra8 31. Bg5 Nd7 0-1


[Site "https://www.chess.com"]

[Event "Titled Tuesday Blitz January 03 Early 2023"]
[White "Tarnowska, Aleksandra"]
[Black "Kukula, Pawel"]
[WhiteFideId "1180967"]
[BlackFideId "1115081"]
[WhiteElo "1835"]
[BlackElo "2135"]
[Result "0-1"]
[Round "04"]
[TimeControl "180+2"]
[Date "2023.01.03"]
[WhiteClock "0:00:02"]
[BlackClock "0:01:07"]

1. e4 c5 2. Nf3 Nc6 3. Bb5 e6 4. O-O Nge7 5. c3 a6 6. Ba4 b5 7. Bc2 Ng6 8. d4 d5 9. exd5 Qxd5 10. Be3 cxd4 11. Nxd4 Bb7 12. Bb3 Qd7 13. Nd2 Bc5 14. N2f3 O-O 15. Qe2 Nxd4 16. Bxd4 Bxd4 17. Nxd4 Bxg2 18. Rfd1 Bd5 19. Bxd5 Qxd5 20. Qg4 h5 21. Qg3 h4 22. Qg4 Qe5 23. Nc6 Qf6 24. Rd7 Rac8 25. Nd4 Rc5 26. Nf3 Ne5 27. Nxe5 Rxe5 28. Kh1 Rg5 29. Qd4 Qf3# 0-1


[Site "https://www.chess.com"]

[Event "Titled Tuesday Blitz January 03 Early 2023"]
[White "Barbashin, Igor"]
[Black "Redzisz, Michal"]
[WhiteFideId "4155718"]
[BlackFideId "21816107"]
[WhiteElo "2169"]
[BlackElo "2269"]
[Result "0-1"]
[Round "04"]
[TimeControl "180+2"]
[Date "2023.01.03"]
[WhiteClock "0:00:01"]
[BlackClock "0:00:06"]

1. d4 Nf6 2. c4 g6 3. Nc3 d5 4. Nf3 Bg7 5. e3 O-O 6. Be2 dxc4 7. Bxc4 c5 8. O-O Nc6 9. dxc5 Qa5 10. e4 Qxc5 11. Qe2 Bg4 12. Be3 Qa5 13. a3 Ne5 14. Rac1 Rac8 15. Nd5 Nxd5 16. Bxd5 Nxf3+ 17. gxf3 Bh3 18. Rfd1 Rxc1 19. Rxc1 b6 20. Bd2 Qa4 21. Bb4 Qd7 22. f4 Bxb2 23. Rd1 e5 24. Rd3 Bd4 25. fxe5 Bxe5 26. Bc3 Bxc3 27. Rxc3 Be6 28. Rd3 Rd8 29. Qf3 Bxd5 30. Rxd5 Qe7 31. Rxd8+ Qxd8 32. e5 Qe7 33. Qe4 Kg7 34. f4 Qxa3 35. Kg2 Qb2+ 36. Kg3 Qc3+ 37. Kg4 Qc7 38. Qd4 h5+ 39. Kg3 Qc5 40. Qd3 a5 0-1


[Site "https://www.chess.com"]

[Event "Titled Tuesday Blitz January 03 Early 2023"]
[White "Donskov, Anatoly"]
[Black "Lakshmi C"]
[WhiteFideId "24143413"]
[BlackFideId "25035347"]
[WhiteElo "2279"]
[BlackElo "1928"]
[Result "0-1"]
[Round "04"]
[TimeControl "180+2"]
[Date "2023.01.03"]
[WhiteClock "0:00:03"]
[BlackClock "0:00:29"]

1. e4 e5 2. Nf3 Nc6 3. Bb5 a6 4. Ba4 d6 5. c3 Bd7 6. Qe2 b5 7. Bb3 Be7 8. O-O Nf6 9. Rd1 Bg4 10. h3 Bh5 11. d3 O-O 12. Nbd2 Na5 13. Bc2 Bg6 14. Nf1 Nh5 15. a4 c6 16. b4 Nb7 17. g3 Qc8 18. Kg2 f5 19. exf5 Qxf5 20. Ne3 Qd7 21. Bb3+ Kh8 22. axb5 axb5 23. Rxa8 Rxa8 24. d4 e4 25. Nh2 Rf8 26. d5 c5 27. c4 cxb4 28. cxb5 Nc5 29. Bc4 Nd3 30. Bxd3 exd3 31. Rxd3 Bxd3 32. Qxd3 Qc7 33. Bb2 Bf6 34. Bxf6 Nxf6 35. Qd4 Qc5 36. Qxc5 dxc5 37. d6 Rb8 38. Nhg4 Nd7 39. Nd5 Rxb5 40. Nc7 Rb8 41. Ne3 b3 42. Na6 Rb6 43. Nc7 b2 44. Ncd5 b1=Q 45. Nxb6 Qxb6 0-1


[Site "https://www.chess.com"]

[Event "Titled Tuesday Blitz January 03 Early 2023"]
[White "Hartikainen, Jarmo"]
[Black "Kalajzic, Ivan"]
[WhiteFideId "503134"]
[BlackFideId "14506378"]
[WhiteElo "2108"]
[BlackElo "2062"]
[Result "0-1"]
[Round "04"]
[TimeControl "180+2"]
[Date "2023.01.03"]
[WhiteClock "0:00:08"]
[BlackClock "0:01:13"]

1. e4 Nc6 2. Nf3 d6 3. d4 Bg4 4. Be2 e5 5. dxe5 dxe5 6. Qxd8+ Rxd8 7. c3 Bc5 8. O-O f6 9. b4 Bb6 10. a4 a5 11. b5 Nb8 12. Ba3 Nd7 13. Nbd2 Bc5 14. Bxc5 Nxc5 15. Rfd1 b6 16. h3 Be6 17. c4 Nh6 18. Re1 Nf7 19. Bf1 Nd6 20. g4 Ke7 21. Re3 g5 22. Ne1 h5 23. f3 hxg4 24. hxg4 Rh4 25. Nd3 Ndb7 26. Ra2 Rd4 27. Nxc5 Nxc5 28. Kg2 Rh8 29. Be2 Rhd8 30. Nf1 Bxc4 31. Rc2 Bxe2 32. Rexe2 Rxa4 33. Ne3 Rb4 34. Nd5+ Rxd5 35. exd5 Rxb5 36. Kg3 Kd6 37. Red2 a4 38. Ra2 Rb3 39. Ra1 Ne4+ 0-1


[Site "https://www.chess.com"]

[Event "Titled Tuesday Blitz January 03 Early 2023"]
[White "Forgacs, Attila Jr."]
[Black "Broca Jimenez, Fernando"]
[WhiteFideId "773654"]
[BlackFideId "5104742"]
[WhiteElo "2264"]
[BlackElo "2075"]
[Result "0-1"]
[Round "04"]
[TimeControl "180+2"]
[Date "2023.01.03"]
[WhiteClock "0:00:56"]
[BlackClock "0:00:22"]

1. e4 c5 2. d3 g6 3. g3 Bg7 4. Bg2 e6 5. f4 Ne7 6. Nf3 O-O 7. O-O d5 8. e5 Nbc6 9. c3 f6 10. exf6 Bxf6 11. Be3 b6 12. Bf2 Qc7 13. a4 Bb7 14. Re1 Bc8 15. Na3 a6 16. Bh3 Nf5 17. g4 Ng7 18. Bg3 Be7 19. f5 Bd6 20. Bxd6 Qxd6 21. fxg6 hxg6 22. Rf1 Bd7 23. Qd2 Rf4 24. Ng5 Raf8 25. Rxf4 Qxf4 26. Qxf4 Rxf4 27. Rf1 Rxf1+ 28. Kxf1 Ne5 29. d4 Nf7 30. Nxf7 Kxf7 31. a5 bxa5 32. dxc5 e5 33. Ke2 Ke7 34. Nc2 Ne6 35. b4 Nf4+ 36. Ke3 Nxh3 37. Na3 axb4 38. cxb4 Nf4 39. Nc2 Ke6 40. h4 Ng2+ 41. Kf3 Nxh4+ 42. Kg3 g5 43. Ne3 e4 44. Nc2 Ke5 45. Kf2 d4 46. Na3 Kd5 47. Ke2 Ng6 48. Kf2 e3+ 49. Kg3 Ke4 50. Kg2 d3 51. Nb1 d2 52. b5 d1=Q 53. Nc3+ Kd3 54. Nxd1 Bxb5 55. c6 Bxc6+ 56. Kg3 e2 57. Nf2+ Ke3 58. Nd3 Kxd3 59. Kh2 a5 60. Kg3 a4 61. Kh2 a3 62. Kh3 a2 63. Kh2 a1=Q 64. Kg3 Qg1+ 65. Kh3 Qg2# 0-1


[Site "https://www.chess.com"]

[Event "Titled Tuesday Blitz January 03 Early 2023"]
[White "Chernov, Mikhail"]
[Black "Fernandez Hernandez, Gerardo"]
[WhiteFideId "24143170"]
[BlackFideId "2207400"]
[WhiteElo "2205"]
[BlackElo "2181"]
[Result "1-0"]
[Round "04"]
[TimeControl "180+2"]
[Date "2023.01.03"]
[WhiteClock "0:01:08"]
[BlackClock "0:00:06"]

1. d4 Nf6 2. Nc3 e6 3. Bf4 d5 4. e3 Bd6 5. Qf3 Bb4 6. Bd3 b6 7. Ne2 Ba6 8. O-O-O Bxd3 9. cxd3 a6 10. Kb1 Nbd7 11. h4 c5 12. h5 h6 13. g4 Nh7 14. Qg2 Ng5 15. Bg3 cxd4 16. exd4 Rc8 17. f4 Nh7 18. Bh4 Qc7 19. g5 b5 20. g6 Nhf8 21. gxf7+ Kxf7 22. Rc1 Qd6 23. f5 exf5 24. Nxd5 Rxc1+ 25. Rxc1 Ne6 26. Qg6+ Kf8 27. Rc8+ 1-0


[Site "https://www.chess.com"]

[Event "Titled Tuesday Blitz January 03 Early 2023"]
[White "Kniazev, Igor"]
[Black "Qashashvili, Alexandre"]
[WhiteFideId "4136349"]
[BlackFideId "13600842"]
[WhiteElo "2057"]
[BlackElo "2505"]
[Result "0-1"]
[Round "04"]
[TimeControl "180+2"]
[Date "2023.01.03"]
[WhiteClock "0:01:22"]
[BlackClock "0:00:59"]

1. e4 c6 2. d4 d5 3. Nc3 dxe4 4. Nxe4 Nd7 5. Nf3 Ngf6 6. Qe2 Nxe4 7. Qxe4 Nf6 8. Qd3 Bg4 9. Be2 e6 10. Bg5 Be7 11. O-O-O Nd5 12. Bxe7 Qxe7 13. Qd2 O-O-O 14. Ne5 Bxe2 15. Qxe2 Nb6 16. Kb1 Nd7 17. f4 Nxe5 18. fxe5 f5 19. exf6 gxf6 20. Rhe1 e5 21. dxe5 Rxd1+ 22. Qxd1 fxe5 23. Qh5 Re8 24. Re4 Kb8 25. b3 Kc7 26. Kb2 Kb8 27. g4 Kc7 28. Qf5 Kd6 29. g5 Rf8 30. Qg4 Qe6 31. Qd1+ Kc7 32. h4 Rf4 33. Qe2 Rxe4 34. Qxe4 Qe7 35. Kc3 Kd6 36. Qb4+ c5 37. Qe4 Qf7 38. a3 Qf2 39. Qxh7 Qd4# 0-1


[Site "https://www.chess.com"]

[Event "Titled Tuesday Blitz January 03 Early 2023"]
[White "Gjestemoen-VonHirsch, Andre"]
[Black "KSho99"]
[WhiteFideId "1539531"]
[WhiteElo "2314"]
[BlackElo "2118"]
[Result "1-0"]
[Round "04"]
[TimeControl "180+2"]
[Date "2023.01.03"]
[WhiteClock "0:01:28"]
[BlackClock "0:01:40"]

1. b3 d5 2. Bb2 Bf5 3. e3 e6 4. Nf3 h6 5. c4 c6 6. a3 Nf6 7. d3 Nbd7 8. Nc3 Be7 9. Be2 O-O 10. Qd2 a5 11. h3 Bh7 12. O-O Qb8 13. Rac1 Rc8 14. Rfd1 b5 15. cxb5 cxb5 16. Nd4 Nc5 17. Ncxb5 Nxb3 18. Rxc8+ Qxc8 19. Nxb3 1-0


[Site "https://www.chess.com"]

[Event "Titled Tuesday Blitz January 03 Early 2023"]
[White "Gaboyan, Susanna"]
[Black "Thomas, Anysia"]
[WhiteFideId "13303627"]
[BlackFideId "670472"]
[WhiteElo "2160"]
[BlackElo "2147"]
[Result "0-1"]
[Round "04"]
[TimeControl "180+2"]
[Date "2023.01.03"]
[WhiteClock "0:00:45"]
[BlackClock "0:01:30"]

1. d3 g6 2. g3 Bg7 3. h4 c5 4. h5 Nc6 5. h6 Bf6 6. e4 d5 7. Nd2 b6 8. Bg2 e6 9. Qe2 Nge7 10. c3 Bb7 11. f4 O-O 12. e5 Bh8 13. Ngf3 Nf5 14. Qf2 d4 15. c4 Ne3 16. Ne4 Nb4 17. Bd2 Nxd3+ 0-1


[Site "https://www.chess.com"]

[Event "Titled Tuesday Blitz January 03 Early 2023"]
[White "Johnson, Ben"]
[Black "Carrasco Miranda, Andres"]
[WhiteFideId "2010917"]
[BlackFideId "3405990"]
[WhiteElo "1961"]
[BlackElo "2240"]
[Result "0-1"]
[Round "04"]
[TimeControl "180+2"]
[Date "2023.01.03"]
[WhiteClock "0:00:03"]
[BlackClock "0:00:33"]

1. Nf3 Nf6 2. c4 g6 3. b3 Bg7 4. Bb2 O-O 5. g3 c5 6. Bg2 Nc6 7. O-O d5 8. cxd5 Qxd5 9. Nc3 Qh5 10. d3 Rd8 11. Qc1 Bh6 12. Qc2 Bh3 13. Ne4 Nxe4 14. dxe4 Nd4 15. Nxd4 cxd4 16. Bf3 Qa5 17. Rfd1 Rac8 18. Qd3 e5 19. g4 Bf4 20. a4 a6 21. Rdb1 Rc6 22. Bc1 Rc3 23. Qd1 d3 24. Bxf4 exf4 25. Qd2 Rdc8 26. b4 Qg5 27. exd3 Bxg4 28. Bxg4 Qxg4+ 29. Kf1 f3 30. Qe3 Rc2 0-1


[Site "https://www.chess.com"]

[Event "Titled Tuesday Blitz January 03 Early 2023"]
[White "Winkels, Marcel"]
[Black "Petrova, Irina"]
[WhiteFideId "1003887"]
[BlackFideId "14124122"]
[WhiteElo "1960"]
[BlackElo "2108"]
[Result "0-1"]
[Round "04"]
[TimeControl "180+2"]
[Date "2023.01.03"]
[WhiteClock "0:00:03"]
[BlackClock "0:01:04"]

1. d4 d6 2. Nc3 g6 3. Bf4 Bg7 4. e3 Nd7 5. h4 h5 6. Nf3 e5 7. dxe5 dxe5 8. Bg5 Ngf6 9. Qd2 O-O 10. O-O-O c6 11. Qd6 Qe8 12. Bc4 Ng4 13. Be7 Nxf2 14. Bxf8 Nxf8 15. Ng5 Be6 16. Bxe6 fxe6 17. Nce4 Nxh1 18. Rxh1 Rd8 19. Qb4 Qd7 20. Rf1 Nh7 21. Nxh7 Kxh7 22. Ng5+ Kg8 23. a3 Bh6 24. Qe4 Bxg5 25. Qxg6+ Qg7 26. Qxg7+ Kxg7 27. hxg5 Rf8 28. Rxf8 Kxf8 29. Kd2 Kf7 30. Kd3 Kg6 31. Ke4 Kxg5 32. Kxe5 h4 33. Kxe6 Kg4 34. e4 Kg3 35. e5 Kxg2 36. Kd7 h3 37. e6 h2 38. e7 h1=Q 39. e8=Q Qd1+ 40. Kc7 Qxc2 41. Qg8+ Kf3 42. b3 b5 43. Qf7+ Ke3 44. Qe6+ Kd2 45. Qd5+ Kc1 46. Qe6 Kb2 47. b4 Kxa3 48. Qd6 Qc4 49. Kb7 Qxb4 50. Qd3+ Qb3 0-1


[Site "https://www.chess.com"]

[Event "Titled Tuesday Blitz January 03 Early 2023"]
[White "Blindsplieler"]
[Black "Vasques, Antonio Pedro Freixial"]
[BlackFideId "1908332"]
[WhiteElo "2071"]
[BlackElo "2214"]
[Result "0-1"]
[Round "04"]
[TimeControl "180+2"]
[Date "2023.01.03"]
[WhiteClock "0:00:03"]
[BlackClock "0:00:21"]

1. d4 Nf6 2. c4 c5 3. d5 b5 4. Qc2 g6 5. e4 d6 6. Nf3 Bg7 7. cxb5 a6 8. Nc3 O-O 9. a4 e6 10. Be2 exd5 11. exd5 Bf5 12. Qd1 axb5 13. Nxb5 Na6 14. O-O Re8 15. Bf4 Ne4 16. Bd3 Nc7 17. Bxe4 Rxe4 18. Bg5 Qd7 19. Nxc7 Qxc7 20. Qd2 Rexa4 21. Rxa4 Rxa4 22. Re1 Re4 23. Rxe4 Bxe4 24. Qe2 f5 25. Qd2 Bxf3 26. gxf3 Qb7 27. Qe2 Qf7 28. Qe6 Qxe6 29. dxe6 Bxb2 30. f4 c4 31. Kf1 c3 32. Bf6 Kf8 33. Ke2 Bc1 34. Bxc3 Bxf4 35. Bf6 Bxh2 36. Kf3 Be5 37. Bg5 Ke8 38. Ke3 d5 39. Kd3 Bg7 40. f4 h6 41. Bh4 Bf8 42. Kd4 Bd6 43. Kxd5 Bxf4 0-1


[Site "https://www.chess.com"]